Map: Base du roi Sejong EC

Players

llllllllllll - Winner!

  • Race: Terran Terran
  • League: Bronze
  • Spawn Location: 11:00

zidar

  • Race: Zerg Zerg
  • League: Gold
  • Spawn Location: 5:00

VOD

Have the link to the VOD?

Description

Time

  • Played on: June 18, 2016, 8:44 a.m.
  • Length: 4:16
Show
View Real Time Build Order
Export as new Build Order

llllllllllll Terran - Winner!

Build Orders:  

Get SALT Encoding   

  12  0:01  SCV  
  13  0:13  SCV  
  14  0:18  Supply Depot  
  14  0:25  SCV  
  15  0:39  SCV  
  16  0:44  Barracks  
  16  0:51  SCV  
  17  1:00  Barracks  
  17  1:04  SCV  
  18  1:14  Barracks  
  18  1:18  SCV  
  19  1:29  Supply Depot  
  19  1:31  Marine  
  20  1:40  Barracks  
  20  1:46  Marine  
  21  1:49  Marine  
  22  1:58  Bunker  
  22  2:02  SCV  
  22  2:04  Marine  
  22  2:05  Marine  
  22  2:07  Marine  
  26  2:22  Marine, Bunker  
  27  2:23  Marine  
  28  2:31  Marine x2  
  30  2:40  Marine  
  31  3:00  Supply Depot  
  31  3:01  Supply Depot  
  31  3:19  Bunker  
  31  3:21  Marine x4  
  34  3:39  Marine x4  
  37  3:48  SCV  
  38  3:57  Marine x4  
  38  4:00  SCV  
Show
View Real Time Build Order
Export as new Build Order

zidar Zerg 

Build Orders: Pool First 

Get SALT Encoding   

  12  0:01  Drone  
  13  0:12  Overlord  
  13  0:17  Drone  
  14  0:30  Drone x2  
  16  0:43  Spawning Pool  
  16  0:47  Drone  
  16  1:11  Hatchery  
  15  1:16  Extractor  
  15  1:18  Drone  
  15  1:20  Drone  
  16  1:39  Zergling x2  
  18  1:40  Zergling x2  
  18  1:43  Queen  
  20  1:47  Overlord  
  20  2:05  Zergling x4  
  22  2:13  Zergling x2  
  21  2:36  Zergling x8  
  22  2:42  Spine Crawler  
  19  3:00  Spine Crawler  
  19  3:03  Zergling x8  
  20  3:17  Zergling x4  
  17  3:37  Zergling x4  
  15  3:51  Spine Crawler  
  14  4:00  Drone  
  13  4:07  Spawning Pool  
Tags
 
Add a new tag
Caveats
  • Supply blocks, unpowered buildings, or Contaminate may cause inaccurate times.
  • Supply counts are checked every 10 seconds.